 Dungeon Crawl Stone Soup version 0.30-a0-1114-gd936c97349 (webtiles) character file.

Game seed: 7021260058774080401

55 sampeng1 the Cudgeller (level 4, -2/55 HPs)
             Began as a Human Berserker on Apr 20, 2023.
             Was a Believer of Trog.
             Slain by a gnoll
             ... wielding a +0 halberd
              (6 damage)
             ... on level 3 of the Dungeon.
             The game lasted 00:10:28 (1698 turns).

sampeng1 the Cudgeller (Human Berserker)            Turns: 1698, Time: 00:10:28

Health: -2/55      AC: 22    Str: 20    XL:     4   Next: 14%
Magic:  4/4        EV:  2    Int:  7    God:    Trog [**....]
Gold:   125        SH:  0    Dex: 12    Spells: 3/3 levels left

rFire   . . .      SeeInvis .    h - +0 flail
rCold   . . .      Faith    .    (no shield)
rNeg    . . .      Spirit   .    c - melded +0 ring mail
rPois   +          Reflect  .    j - melded +0 helmet
rElec   .          Rampage  .    (cloak currently unavailable)
rCorr   +          NoTele   +    k - melded +1 pair of gloves
Will    .....                    (boots currently unavailable)
Stlth   +                        (no amulet)
HPRegen 0.29/turn                d - ring of resist corrosion
MPRegen 0.09/turn                (no ring)

@: tree-form
A: stationary, stasis, torment immunity, boosted hp
a: Renounce Religion, Berserk, Trog's Hand


You were on level 3 of the Dungeon.
You worshipped Trog.
Trog was pleased with you.
You were a tree.
You visited 1 branch of the dungeon, and saw 3 of its levels.

You collected 125 gold pieces.

Inventory:

Hand Weapons
 a - a +0 mace
 h - a +0 flail (weapon)
Armour
 c - a +0 ring mail (melded)
 j - a +0 helmet (melded)
 k - a +1 pair of gloves (melded)
Jewellery
 b - a +4 ring of protection
 d - a ring of resist corrosion (left branch)
Scrolls
 i - a scroll of fear {unknown}
 o - a scroll of teleportation {unknown}
Potions
 e - a potion of might {unknown}
 g - 2 potions of resistance {unknown}
 l - a potion of degeneration {unknown}
 m - a potion of mutation {unknown}
 n - 2 potions of curing {unknown}


   Skills:
 + Level 3.7 Fighting
 + Level 3.8 Maces & Flails
 + Level 2.2 Armour
 + Level 2.2 Dodging
 + Level 0.2 Stealth


You had 3 spell levels left.
You didn't know any spells.
Your spell library was empty.

Dungeon Overview and Level Annotations

Branches:
Dungeon (3/15)

Altars:
Fedhas

Shops:
D:1 (


Message History

Trog accepts your kill. The gnoll barely misses you.
A gnoll is nearby!
A gnoll is nearby!
A gnoll is nearby!
The gnoll splashes around in the water.
You see here a quokka corpse.
You barely miss the gnoll.
The gnoll splashes around in the water.
You barely miss the gnoll. The gnoll hits you but does no damage.
You barely miss the gnoll.
The gnoll splashes around in the water.
You barely miss the gnoll. The gnoll closely misses you.
The gnoll hits you with a +0 halberd!
* * * LOW HITPOINT WARNING * * *
You barely miss the gnoll.
The quokka twitches its whiskers.
The gnoll hits you with a +0 halberd.
* * * LOW HITPOINT WARNING * * *
It was a potion of lignification.
You turn into a tree.
Your +0 helmet melds into your body.
Your +1 pair of gloves melds into your body.
Your +0 ring mail melds into your body.
Your roots penetrate the ground.
The gnoll splashes around in the water.
You barely miss the gnoll. The gnoll barely misses you.
You sock the gnoll!
The gnoll is severely wounded.
The gnoll hits you but does no damage.
You hit the gnoll.
The gnoll is almost dead.
The gnoll splashes around in the water.
You barely miss the gnoll.
The gnoll is almost dead.
The gnoll hits you but does no damage. x2
You barely miss the gnoll.
The gnoll is almost dead.
The gnoll hits you with a +0 halberd.
* * * LOW HITPOINT WARNING * * *
You barely miss the gnoll.
The gnoll is almost dead.
The gnoll hits you with a +0 halberd.
You die...

##.................
#.......#.........#
#..................
#....<.............
##.....#...........
##...###..........
#.### ##...#...# #.
♣..♣.# # .. ♣.♣♣♣.#
#. ♣..♣g♣ ♣ #.
♣.P.♣♣r§..P.P
♣..P.. b§#...#
♣♣..♣. .... .. P.♣
. #..._ P.. ..
...:.. ♣..♣ .#...#
.♣.♣..


You could see a gnoll, a quokka and a bat.

Vanquished Creatures
  An adder (D:2)
  A gnoll (D:3)
  2 worms
  A dart slug (D:2)
  A ball python (D:2)
  6 endoplasms
  A giant cockroach (D:2)
  3 goblins (D:2)
  2 hobgoblins
  2 quokkas
  3 bats
  A frilled lizard (D:2)
  2 kobolds (D:1)
  4 rats
30 creatures vanquished.

Vanquished Creatures (others)
  2 demonic plants (D:2)
  9 plants (D:3)
11 creatures vanquished.

Grand Total: 41 creatures vanquished

Notes
Turn   | Place    | Note
-------+----------+-------------------------------------------
     0 | D:1      | sampeng1 the Human Berserker began the quest for the Orb.
     0 | D:1      | Reached XP level 1. HP: 18/18 MP: 1/1
   459 | D:1      | Reached XP level 2. HP: 24/24 MP: 2/2
   559 | D:1      | Found Costuint's Weapon Shoppe.
  1046 | D:2      | Found a faded altar of an unknown god.
  1046 | D:2      | Noticed a hellion
  1157 | D:2      | Reached XP level 3. HP: 26/29 MP: 3/3
  1650 | D:3      | Reached ** piety under Trog
  1659 | D:3      | Found a blossoming altar of Fedhas.
  1675 | D:3      | Reached XP level 4. HP: 36/36 MP: 4/4
  1698 | D:3      | Slain by a gnoll

Illustrated notes

Levels and vault maps discovered:
D:1:      reono_arrival_mine, layout_basic, serial_shops,
          nicolae_shop_bloodbath_and_beyond
D:2:      layout_basic, dreamdust_ecumenical_altar_sealed_demon
D:3:      wad_woods_stonehenge, layout_rooms, elyvilon_altar_5

Action                     |  1- 3 |  4- 6 || total
---------------------------+-------+-------++-------
  Melee: Flail             |    70 |    19 ||    89
         Mace              |     5 |       ||     5
    Use: Potion            |       |     1 ||     1
 Armour: Ring mail         |    29 |     3 ||    32
         Skin              |       |     3 ||     3
  Dodge: Dodged            |    38 |     5 ||    43

Table legend: (Time is in decaauts)
 A = Elapsed time spent in this place.
 B = Non-inter-level travel time spent in this place.
 C = Inter-level travel time spent in this place.
 D = Time resting spent in this place.
 E = Time spent auto-exploring this place.
 F = Levels seen in this place.
 G = Mean time per level.
                   A        B        C        D        E       F      G
               +--------+--------+--------+--------+--------+-----+--------+
         Total |   1718 |   1718 |      0 |      0 |   1129 |   3 |  572.7 |
       Dungeon |   1718 |   1718 |      0 |      0 |   1129 |   3 |  572.7 |
               +--------+--------+--------+--------+--------+-----+--------+

Top non-repeatable levels by time:
     D:2: 877 daAuts
     D:1: 783 daAuts
     D:3: 57 daAuts
